 Dungeon Crawl Stone Soup version 0.31.0-4-g52a2dc7128 (console) character file.

Game seed: 17052491182228087797

172 AlterAsc the Slasher (level 5, 0/30 HPs)
             Began as a Tengu Gladiator on Jan 23, 2024.
             Killed from afar by an orc wizard (7 damage)
             ... with a puff of flame
             ... on level 3 of the Dungeon.
             The game lasted 00:04:46 (1739 turns).

AlterAsc the Slasher (Tengu Gladiator)              Turns: 1739, Time: 00:04:46

Health: 0/30       AC:  3    Str: 15    XL:     5   Next: 52%
Magic:  6/6        EV: 13    Int:  8    God:
Gold:   127        SH:  0    Dex: 17    Spells: 4/4 levels left

rFire   . . .        a - +0 long sword
rCold   . . .        (no shield)
rNeg    . . .        b - +0 leather armour
rPois   .            c - +0 hat
rElec   .            (no cloak)
rCorr   .            (no gloves)
SInv    .            (boots unavailable)
Will    .....        (no amulet)
Stlth   +            (no ring)
HPRegen 0.25/turn    (no ring)
MPRegen 0.10/turn

%: acrobat
@: no status effects
A: beak, talons 3, acrobatic
a: no special abilities


You were on level 3 of the Dungeon.
You visited 1 branch of the dungeon, and saw 3 of its levels.

You collected 127 gold pieces.

Inventory:

Hand Weapons
 a - a +0 long sword (weapon)
Missiles
 d - 3 throwing nets
 e - 8 poisoned darts (quivered)
 r - a javelin
Armour
 b - a +0 leather armour (worn)
 c - a +0 hat (worn)
Wands
 n - a wand of iceblast (8)
Scrolls
 g - a scroll of enchant weapon {unknown}
 j - a scroll of acquirement {unknown}
 l - 2 scrolls of identify {unknown}
 o - a scroll of amnesia {unknown}
 p - 2 scrolls of teleportation {unknown}
Potions
 f - 2 potions of curing {unknown}
 h - 2 potions of heal wounds
 i - a potion of attraction {unknown}
 k - a potion of haste {unknown}
 m - a potion of cancellation {unknown}
 q - a potion of ambrosia {unknown}


   Skills:
 - Level 2.0 Fighting
 + Level 6.6 Long Blades
 - Level 2.0 Throwing
 - Level 3.2 Dodging


You had 4 spell levels left.
You didn't know any spells.
Your spell library was empty.

Dungeon Overview and Level Annotations

Branches:
Dungeon (3/15)

Altars:
The Shining One


Innate Abilities, Weirdness & Mutations

You have a beak for a mouth.
You have claws for feet.
You can magically evade attacks while moving or waiting.


Message History

You closely miss the orc wizard.
The orc wizard is lightly wounded.
The orc wizard gestures at you while chanting.
You resist with some effort.
You hit the orc wizard but do no damage.
You claw the orc wizard!
The orc wizard is severely wounded.
The orc wizard barely misses you.
The orc wizard hits you with a +0 dagger of freezing.
The orc wizard freezes you.
You hit the orc wizard.
The orc wizard is severely wounded.
The orc wizard barely misses you.
You miss the orc wizard.
The orc wizard is severely wounded.
The orc wizard mumbles some strange words.
The orc wizard flickers and vanishes!
Deactivating autopickup; reactivate with Ctrl-A.
You closely miss something. Your kick misses something.
Your peck misses something.
You hear some strange, mumbled words.
A puff of flame appears from out of thin air!
The puff of flame hits you!
You hit something but do no damage. You peck something. Something hits you.
Something freezes you.
You miss something. Your kick misses something. Your peck misses something.
Something hits you but does no damage.
You miss something. Your kick misses something.
You hear some strange, mumbled words.
A magic dart appears from out of thin air!
The magic dart hits you.
* * * LOW HITPOINT WARNING * * *
You barely miss something. Something hits you but does no damage.
You hit something but do no damage. Your peck misses something.
Something completely misses you.
You closely miss something. Your kick misses something.
Your peck misses something. Something hits you.
* * * LOW HITPOINT WARNING * * *
Something freezes you.
* * * LOW HITPOINT WARNING * * *
You closely miss something. Your kick misses something.
You hear some strange, mumbled words.
A puff of flame appears from out of thin air!
The puff of flame hits you!
You die...

.............+ ............#####
................##.###......#.#
..................##. #.##...#..
..................##.###..#.#.#.#
..................##.............
..o.......>.......##.............
...................#...##........
......................##..+.#....
.........).........#.........##..
...............{@.<#..##......#..
...................#...+.._..'...
............[......#..##.....##..
####.###.#####.#...#..##......#..
... #.# #.#.###...###..##... ####
#.# #.#.###..##.#.####.. ..#
#.#................. ###
#.#####....)........
#.....#.....###..###
#####.####### #.## #.# #.#


There were no monsters in sight!

Vanquished Creatures
  A crimson imp (D:3)
  Terence (D:3)
  3 adders (D:2)
  A dart slug (D:2)
  2 ribbon worms
  6 orcs
  2 ball pythons
  2 endoplasms
  4 giant cockroaches
  7 goblins
  5 hobgoblins
  4 jackals (D:1)
  4 quokkas
  2 bats
  2 frilled lizards
  3 goblin skeletons (D:3)
  2 goblin zombies (D:3)
  3 hobgoblin zombies (D:3)
  10 kobolds
  A kobold zombie (D:3)
  An orc zombie (D:3)
  7 rats
73 creatures vanquished.

Notes
Turn   | Place    | Note
-------+----------+-------------------------------------------
     0 | D:1      | AlterAsc the Tengu Gladiator began the quest for the Orb.
     0 | D:1      | Reached XP level 1. HP: 12/12 MP: 2/2
    35 | D:1      | Reached XP level 2. HP: 15/17 MP: 3/3
   105 | D:1      | Reached skill level 4 in Long Blades
   300 | D:1      | Reached XP level 3. HP: 19/21 MP: 4/4
   727 | D:2      | Reached skill level 5 in Long Blades
   870 | D:2      | Reached XP level 4. HP: 26/26 MP: 5/5
  1174 | D:2      | HP: 1/26 [poisoned by an adder]
  1407 | D:3      | Found a glowing golden altar of the Shining One.
  1424 | D:3      | Reached skill level 6 in Long Blades
  1424 | D:3      | Reached XP level 5. HP: 26/30 MP: 6/6
  1555 | D:3      | Noticed Terence
  1561 | D:3      | Killed Terence
  1739 | D:3      | Killed from afar by an orc wizard

Illustrated notes

Levels and vault maps discovered:
D:1:      lightli_arrival_maybe_door_vault, layout_rooms
D:2:      layout_basic
D:3:      layout_basic, nicolae_tso_besieged_by_evil,
          dreamdust_ecumenical_altar_statues, roderic_batcave, uniq_sigmund,
          uniq_terence

Skill      XL: |  1  2  3  4 |
---------------+-------------+-----
Long Blades    | 4 5 6 |  6.6
Fighting       | |  2.0
Throwing       | |  2.0
Dodging        | |  3.2

Action                     |  1- 3 |  4- 6 || total
---------------------------+-------+-------++-------
  Melee: Long sword        |    90 |    93 ||   183
         Peck              |    10 |    12 ||    22
         Kick              |    16 |    28 ||    44
         Punch             |     1 |     1 ||     2
  Throw: Javelin           |       |     2 ||     2
         Throwing net      |       |     1 ||     1
  Evoke: Wand              |       |     2 ||     2
    Use: Potion            |       |     1 ||     1
 Armour: Leather armour    |    44 |    41 ||    85
  Dodge: Dodged            |    66 |    52 ||   118
